[ AOE2 MATCH · #506183019 ]
UnrankedCelts vs Incas
Player's team · LOSS
Rival team · WIN
[ REPLAY ANALYSIS · EXTRACTED FROM THE RECORDED GAME ]
Feudal
10:13
Castle
21:48
Imperial
—
| APM avg | 71.0 |
| APM peak | 107 |
| eAPM avg | 21.0 |
| Villagers / military | 60 / 39 |
Focus
⚔️ 36.7% · 🌾 63.3%
Archer ×29 · Militia ×3 · Mangonel ×3 · Monk ×2 · Scorpion ×1 · Battering Ram ×1
Feudal
11:04
Castle
21:01
Imperial
—
| APM avg | 51.3 |
| APM peak | 93 |
| eAPM avg | 22.0 |
| Villagers / military | 76 / 33 |
Focus
⚔️ 34.1% · 🌾 65.9%
Archer ×24 · Skirmisher ×6 · Mangonel ×2 · Unknown (2550) ×2 · Spearman ×1
Match map
Initial resources + every placement click. Lines = walls · curves = elevation contours. ◆ gold · ⬟ stone · ● berries · ✦ relic · ◌ wall gap
Your base· ✓ Closed at 21:48 · 24t walls · 1 gate(s)
Melo's base· ✓ Closed at 21:01 · 50t walls · 1 gate(s)
Smoothed initial terrain · ◌ = detected wall gap · hover for details
Inputs per minute
— Dr. Snizl - - Melo
Build order — Dr. Snizl
First 150 of 175 actions detected
| 0:00 | Queue | Villager (Male) |
| 0:00 | Queue | Villager (Male) |
| 0:02 | Build | House |
| 0:03 | Build | House |
| 0:21 | Queue | Villager (Male) |
| 0:28 | Queue | Villager (Male) |
| 1:26 | Queue | Villager (Male) |
| 1:45 | Build | Lumber Camp |
| 2:06 | Queue | Villager (Male) |
| 2:40 | Queue | Villager (Male) |
| 2:55 | Queue | Villager (Male) |
| 3:25 | Queue | Villager (Male) |
| 4:00 | Queue | Villager (Male) |
| 4:01 | Queue | Villager (Male) |
| 4:29 | Build | House |
| 4:47 | Queue | Villager (Male) |
| 4:47 | Queue | Villager (Male) |
| 4:48 | Queue | Villager (Male) |
| 4:59 | Build | Mill |
| 5:05 | Research | Loom |
| 5:15 | Build | House |
| 5:19 | Build | Palisade Wall |
| 5:23 | Build | House |
| 5:28 | Build | Palisade Wall |
| 5:57 | Queue | Villager (Male) |
| 6:21 | Queue | Villager (Male) |
| 6:43 | Queue | Villager (Male) |
| 6:43 | Queue | Villager (Male) |
| 7:26 | Queue | Villager (Male) |
| 8:03 | Research | Feudal Age |
| 8:19 | Build | Barracks |
| 9:04 | Queue | Militia |
| 9:04 | Queue | Militia |
| 9:10 | Build | Mining Camp |
| 9:38 | Queue | Militia |
| 9:49 | Build | House |
| 9:52 | Build | Palisade Wall |
| 9:56 | Queue | Villager (Male) |
| 10:13 | Age | Feudal Age |
| 10:26 | Research | Man-at-Arms (upgrade) |
| 10:26 | Research | Man-at-Arms (upgrade) |
| 10:37 | Build | Archery Range |
| 10:37 | Queue | Villager (Male) |
| 10:37 | Queue | Villager (Male) |
| 11:02 | Queue | Villager (Male) |
| 11:25 | Research | Arson |
| 11:31 | Build | House |
| 11:32 | Queue | Villager (Male) |
| 11:43 | Queue | Archer |
| 11:43 | Queue | Archer |
| 11:48 | Queue | Villager (Male) |
| 11:53 | Queue | Villager (Male) |
| 12:08 | Queue | Villager (Male) |
| 12:11 | Build | Farm |
| 12:18 | Build | Farm |
| 12:28 | Build | House |
| 12:30 | Build | Farm |
| 12:40 | Build | Palisade Wall |
| 12:42 | Queue | Villager (Male) |
| 12:43 | Queue | Archer |
| 12:51 | Build | Farm |
| 13:11 | Build | Farm |
| 13:13 | Queue | Villager (Male) |
| 13:45 | Queue | Villager (Male) |
| 13:48 | Build | Blacksmith |
| 14:04 | Queue | Villager (Male) |
| 14:04 | Queue | Archer |
| 14:06 | Queue | Archer |
| 14:09 | Build | Farm |
| 14:22 | Build | Farm |
| 14:29 | Queue | Villager (Male) |
| 14:38 | Build | House |
| 14:45 | Build | Palisade Wall |
| 14:48 | Build | Palisade Wall |
| 14:49 | Research | Fletching |
| 15:00 | Queue | Archer |
| 15:02 | Queue | Villager (Male) |
| 15:07 | Build | Lumber Camp |
| 15:13 | Build | House |
| 15:21 | Queue | Villager (Male) |
| 15:24 | Build | House |
| 15:30 | Queue | Villager (Male) |
| 15:33 | Build | Farm |
| 15:45 | Queue | Villager (Male) |
| 15:47 | Build | Farm |
| 16:34 | Build | Market |
| 16:45 | Queue | Archer |
| 16:45 | Queue | Archer |
| 17:06 | Build | Palisade Wall |
| 17:15 | Queue | Villager (Male) |
| 17:19 | Research | Horse Collar |
| 17:22 | Build | Farm |
| 17:25 | Build | Farm |
| 17:27 | Build | Farm |
| 17:46 | Queue | Villager (Male) |
| 18:09 | Queue | Villager (Male) |
| 18:15 | Build | House |
| 18:41 | Queue | Villager (Male) |
| 19:08 | Research | Castle Age |
| 19:08 | Research | Castle Age |
| 19:19 | Build | Farm |
| 19:23 | Build | Palisade Gate |
| 19:33 | Queue | Archer |
| 19:39 | Queue | Villager (Male) |
| 19:48 | Research | Gold Mining |
| 19:48 | Research | Gold Mining |
| 19:54 | Queue | Archer |
| 19:55 | Queue | Archer |
| 20:08 | Build | House |
| 20:13 | Queue | Archer |
| 20:21 | Queue | Archer |
| 20:23 | Queue | Villager (Male) |
| 20:44 | Queue | Archer |
| 21:11 | Queue | Villager (Male) |
| 21:28 | Queue | Archer |
| 21:48 | Age | Castle Age |
| 21:49 | Build | Siege Workshop |
| 21:50 | Research | Bodkin Arrow |
| 21:51 | Research | Crossbowman (upgrade) |
| 22:05 | Build | Siege Workshop |
| 22:08 | Queue | Villager (Male) |
| 22:10 | Queue | Archer |
| 22:17 | Build | Farm |
| 22:27 | Queue | Mangonel |
| 22:33 | Build | House |
| 22:36 | Research | Double-Bit Axe |
| 22:47 | Queue | Mangonel |
| 22:49 | Build | Monastery |
| 23:14 | Queue | Villager (Male) |
| 23:19 | Build | Farm |
| 23:19 | Build | Farm |
| 23:19 | Build | Farm |
| 23:19 | Build | Farm |
| 23:20 | Build | Farm |
| 23:21 | Queue | Villager (Male) |
| 23:38 | Queue | Villager (Male) |
| 24:01 | Queue | Mangonel |
| 24:06 | Queue | Villager (Male) |
| 24:09 | Build | Palisade Wall |
| 24:17 | Queue | Villager (Male) |
| 24:23 | Build | House |
| 24:30 | Research | Town Watch |
| 24:34 | Build | Farm |
| 24:42 | Queue | Monk |
| 24:54 | Queue | Villager (Male) |
| 25:00 | Queue | Archer |
| 25:00 | Queue | Archer |
| 25:00 | Queue | Archer |
| 25:03 | Build | Farm |
| 25:04 | Build | Farm |
Build order — Melo
First 150 of 199 actions detected
| 0:02 | Build | House |
| 0:03 | Build | Barracks |
| 0:04 | Queue | Villager (Male) |
| 0:07 | Queue | Villager (Male) |
| 0:07 | Queue | Villager (Male) |
| 0:07 | Queue | Villager (Male) |
| 1:00 | Queue | Unit 2550 |
| 1:21 | Queue | Villager (Male) |
| 1:44 | Queue | Villager (Male) |
| 2:14 | Queue | Villager (Male) |
| 2:30 | Queue | Unit 2550 |
| 2:43 | Queue | Villager (Male) |
| 2:43 | Queue | Villager (Male) |
| 3:09 | Queue | Villager (Male) |
| 3:39 | Research | Loom |
| 3:55 | Build | House |
| 3:57 | Queue | Villager (Male) |
| 3:58 | Queue | Villager (Male) |
| 4:43 | Queue | Villager (Male) |
| 5:43 | Queue | Villager (Male) |
| 5:43 | Queue | Villager (Male) |
| 6:09 | Build | Settlement |
| 6:37 | Build | House |
| 6:38 | Build | Palisade Wall |
| 6:40 | Queue | Villager (Male) |
| 7:09 | Queue | Villager (Male) |
| 7:31 | Queue | Villager (Male) |
| 7:40 | Build | Palisade Wall |
| 7:42 | Build | Palisade Wall |
| 7:49 | Build | Palisade Wall |
| 8:03 | Queue | Villager (Male) |
| 8:09 | Build | Palisade Wall |
| 8:14 | Queue | Villager (Male) |
| 8:25 | Build | Palisade Wall |
| 8:33 | Build | Settlement |
| 8:46 | Build | House |
| 8:47 | Build | Palisade Wall |
| 8:54 | Research | Feudal Age |
| 9:36 | Build | House |
| 9:42 | Build | Palisade Wall |
| 9:46 | Build | Palisade Wall |
| 10:00 | Queue | Villager (Male) |
| 11:04 | Age | Feudal Age |
| 11:11 | Queue | Villager (Male) |
| 11:15 | Build | Archery Range |
| 11:16 | Research | Double-Bit Axe |
| 11:51 | Queue | Villager (Male) |
| 11:56 | Queue | Villager (Male) |
| 12:01 | Queue | Villager (Male) |
| 12:05 | Build | House |
| 12:06 | Build | House |
| 12:07 | Build | House |
| 12:10 | Build | Palisade Wall |
| 12:11 | Queue | Villager (Male) |
| 12:13 | Queue | Archer |
| 12:14 | Queue | Archer |
| 12:33 | Build | Farm |
| 12:45 | Queue | Villager (Male) |
| 13:01 | Queue | Villager (Male) |
| 13:05 | Queue | Archer |
| 13:13 | Build | House |
| 13:19 | Queue | Archer |
| 13:21 | Queue | Villager (Male) |
| 13:25 | Build | Farm |
| 13:27 | Build | Farm |
| 13:29 | Build | Farm |
| 13:30 | Queue | Villager (Male) |
| 13:31 | Queue | Villager (Male) |
| 13:39 | Queue | Skirmisher |
| 14:00 | Queue | Skirmisher |
| 14:02 | Queue | Villager (Male) |
| 14:04 | Build | Farm |
| 14:04 | Queue | Villager (Male) |
| 14:06 | Build | Farm |
| 14:13 | Build | Palisade Wall |
| 14:14 | Queue | Villager (Male) |
| 14:24 | Build | House |
| 14:28 | Build | Palisade Wall |
| 14:33 | Queue | Villager (Male) |
| 14:37 | Build | Farm |
| 14:48 | Queue | Skirmisher |
| 14:59 | Build | Farm |
| 15:19 | Build | Farm |
| 15:23 | Build | Farm |
| 15:29 | Queue | Skirmisher |
| 15:30 | Queue | Villager (Male) |
| 15:41 | Queue | Villager (Male) |
| 15:54 | Queue | Skirmisher |
| 16:01 | Build | Blacksmith |
| 16:04 | Build | House |
| 16:06 | Build | Palisade Wall |
| 16:13 | Build | Farm |
| 16:33 | Queue | Villager (Male) |
| 16:41 | Queue | Skirmisher |
| 16:47 | Build | Farm |
| 16:49 | Build | Farm |
| 16:54 | Build | Palisade Wall |
| 16:55 | Build | Palisade Wall |
| 16:59 | Build | Palisade Gate |
| 17:00 | Build | House |
| 17:07 | Build | Farm |
| 17:12 | Queue | Archer |
| 17:20 | Build | Farm |
| 17:22 | Queue | Villager (Male) |
| 17:26 | Research | Town Watch |
| 17:42 | Queue | Villager (Male) |
| 17:47 | Build | Farm |
| 17:54 | Build | Farm |
| 18:11 | Build | House |
| 18:21 | Research | Castle Age |
| 18:21 | Research | Castle Age |
| 18:31 | Build | Archery Range |
| 18:39 | Queue | Archer |
| 18:48 | Build | Palisade Wall |
| 18:50 | Build | Palisade Wall |
| 18:54 | Queue | Archer |
| 19:19 | Queue | Archer |
| 19:23 | Research | Fletching |
| 19:23 | Research | Fletching |
| 19:23 | Research | Padded Archer Armor |
| 19:39 | Queue | Archer |
| 19:51 | Queue | Archer |
| 20:14 | Queue | Archer |
| 20:26 | Build | Palisade Wall |
| 20:34 | Queue | Spearman |
| 21:01 | Age | Castle Age |
| 21:01 | Research | Crossbowman (upgrade) |
| 21:07 | Research | Bodkin Arrow |
| 21:15 | Queue | Archer |
| 21:15 | Queue | Archer |
| 21:16 | Queue | Villager (Male) |
| 21:18 | Queue | Villager (Male) |
| 21:21 | Build | Siege Workshop |
| 21:22 | Queue | Villager (Male) |
| 21:22 | Queue | Villager (Male) |
| 21:23 | Queue | Villager (Male) |
| 21:46 | Queue | Archer |
| 21:52 | Build | Siege Workshop |
| 21:56 | Queue | Villager (Male) |
| 21:58 | Queue | Archer |
| 22:14 | Build | Settlement |
| 22:15 | Queue | Villager (Male) |
| 22:25 | Queue | Villager (Male) |
| 22:28 | Build | University |
| 22:30 | Queue | Villager (Male) |
| 22:30 | Queue | Villager (Male) |
| 23:02 | Queue | Mangonel |
| 23:05 | Queue | Villager (Male) |
| 23:08 | Queue | Villager (Male) |
| 23:10 | Queue | Villager (Male) |
Match timeline
| 0:03 | Melo · first_building Barracks |
| 5:19 | Dr. Snizl · wall_segment Palisade Wall x1 |
| 5:28 | Dr. Snizl · wall_segment Palisade Wall x1 |
| 6:38 | Melo · wall_segment Palisade Wall x3 |
| 7:40 | Melo · wall_segment Palisade Wall x5 |
| 7:42 | Melo · wall_segment Palisade Wall x8 |
| 7:49 | Melo · wall_segment Palisade Wall x1 |
| 8:09 | Melo · wall_segment Palisade Wall x3 |
| 8:19 | Dr. Snizl · first_building Barracks |
| 8:25 | Melo · wall_segment Palisade Wall x4 |
| 8:47 | Melo · wall_segment Palisade Wall x1 |
| 9:42 | Melo · wall_segment Palisade Wall x11 |
| 9:46 | Melo · wall_segment Palisade Wall x1 |
| 9:52 | Dr. Snizl · wall_segment Palisade Wall x6 |
| 10:13 | Dr. Snizl · age_up feudal |
| 10:37 | Dr. Snizl · first_building Archery Range |
| 11:04 | Melo · age_up feudal |
| 11:15 | Melo · first_building Archery Range |
| 12:10 | Melo · wall_segment Palisade Wall x2 |
| 12:40 | Dr. Snizl · wall_segment Palisade Wall x1 |
| 14:13 | Melo · wall_segment Palisade Wall x6 |
| 14:28 | Melo · wall_segment Palisade Wall x1 |
| 14:45 | Dr. Snizl · wall_segment Palisade Wall x10 |
| 14:48 | Dr. Snizl · wall_segment Palisade Wall x5 |
| 16:06 | Melo · wall_segment Palisade Wall x1 |
| 16:54 | Melo · wall_segment Palisade Wall x1 |
| 16:55 | Melo · wall_segment Palisade Wall x1 |
| 17:06 | Dr. Snizl · wall_segment Palisade Wall x1 |
| 17:41 | Dr. Snizl · first_market_sell 100 stone |
| 17:42 | Dr. Snizl · first_market_buy 100 food |
| 18:48 | Melo · wall_segment Palisade Wall x1 |
| 18:50 | Melo · wall_segment Palisade Wall x1 |
| 20:26 | Melo · wall_segment Palisade Wall x1 |
| 21:01 | Melo · age_up castle |
| 21:21 | Melo · first_building Siege Workshop |
| 21:48 | Dr. Snizl · age_up castle |
| 21:49 | Dr. Snizl · first_building Siege Workshop |
| 22:49 | Dr. Snizl · first_building Monastery |
| 24:09 | Dr. Snizl · wall_segment Palisade Wall x1 |
| 25:09 | Melo · wall_segment Stone Wall x4 |
| 25:13 | Melo · wall_segment Stone Wall x1 |
| 25:16 | Melo · wall_segment Stone Wall x1 |
| 28:05 | Dr. Snizl · resign |
[ AI ANALYSIS · 1 CREDIT ]
What really happened in this match?
Wolo.gg analyzes every decision: build order, eco, micro, common mistakes by bracket. Personalized analysis on WhatsApp or Discord in 30 seconds.
Civ guide
Celts
Perfil
Jugador #1350168